Map: Pillars of Gold LE

Players

MaxPax - Winner!

  • Race: Protoss Protoss
  • League: Master
  • Spawn Location: 1:00

Arctur

  • Race: Terran Terran
  • Spawn Location: 7:00

Event: DreamHack SC2 Masters 2020 Fall

VOD

Have the link to the VOD?

Description

Time

  • Played on: Sept. 6, 2020, 11:30 a.m.
  • Length: 11:30

All games in this series

Show
View Real Time Build Order
Export as new Build Order

MaxPax Protoss - Winner!

Build Orders: 1 Gate Expand, Oracle Opening, Zealot Archon 

Get SALT Encoding   

  12  0:00  Probe  
  13  0:12  Probe  
  14  0:17  Pylon  
  14  0:24  Probe  
  15  0:36  Probe (Chrono Boost)  
  15  0:39  Gateway  
  16  0:48  Assimilator, Probe (Chrono Boost)  
  17  0:54  Probe (Chrono Boost)  
  18  1:03  Probe  
  19  1:15  Probe  
  20  1:26  Cybernetics Core  
  20  1:28  Probe  
  21  1:39  Nexus  
  21  1:47  Pylon  
  21  1:48  Probe  
  21  1:53  Assimilator  
  22  2:00  Probe  
  23  2:03  Adept (Chrono Boost)  
  25  2:12  Probe  
  26  2:24  Adept (Chrono Boost)  
  28  2:32  Stargate  
  28  2:33  Probe  
  29  2:40  Warp Gate  
  29  2:48  Probe (Chrono Boost)  
  29  2:50  Adept  
  29  2:51  Probe (Chrono Boost)  
  34  3:01  Probe (Chrono Boost)  
  34  3:02  Probe (Chrono Boost)  
  35  3:05  Probe (Chrono Boost)  
  35  3:09  Probe  
  37  3:17  Probe  
  37  3:18  Oracle (Chrono Boost)  
  38  3:24  Probe  
  40  3:29  Probe  
  40  3:32  Adept  
  41  3:36  Probe  
  41  3:37  Pylon  
  41  3:41  Gateway  
  42  3:48  Oracle (Chrono Boost), Probe  
  44  3:55  Probe  
  47  3:56  Gateway  
  47  4:00  Probe  
  48  4:06  Pylon  
  48  4:07  Probe  
  49  4:12  Probe  
  50  4:17  Twilight Council  
  50  4:19  Probe  
  50  4:22  Assimilator  
  51  4:24  Phoenix (Chrono Boost), Probe  
  51  4:28  Assimilator  
  54  4:34  Probe  
  54  4:36  Zealot, Shield Battery  
  57  4:39  Zealot  
  57  4:40  Probe  
  60  4:46  Pylon  
  60  4:48  Phoenix, Charge (Chrono Boost)  
  62  5:02  Pylon  
  62  5:05  Zealot x2  
  62  5:06  Zealot  
  68  5:15  Phoenix  
  70  5:26  Nexus  
  70  5:34  Zealot x2, Sentry  
  76  5:39  Probe x2  
  78  5:47  Pylon  
  78  5:49  Pylon  
  78  5:54  Forge  
  78  6:05  Phoenix, Probe  
  78  6:08  Zealot x3  
  78  6:10  Probe  
  88  6:17  Probe  
  80  6:28  Protoss Ground Armor Level 1 (Chrono Boost)  
  80  6:30  Zealot x3  
  85  6:32  Templar Archives  
  81  6:40  Phoenix (Chrono Boost)  
  83  6:47  Gateway  
  83  6:49  Gateway  
  77  6:54  Zealot x2  
  74  7:01  Zealot  
  74  7:02  Probe  
  74  7:05  Probe  
  74  7:08  Probe  
  79  7:12  Phoenix (Chrono Boost), Pylon  
  79  7:15  Probe  
  82  7:16  High Templar x2  
  82  7:21  Archon  
  86  7:24  Gateway, Probe  
  86  7:27  Probe  
  86  7:28  Probe  
  89  7:36  Probe  
  89  7:37  Sentry  
  92  7:39  Probe  
  93  7:45  Phoenix (Chrono Boost), High Templar x2  
  93  7:49  High Templar x2, Archon  
  103  7:51  Probe x2  
  103  7:55  Archon  
  105  8:03  Probe  
  106  8:06  Stalker  
  106  8:11  Gateway  
  108  8:14  Gateway x2  
  108  8:18  Pylon  
  105  8:20  Zealot  
  105  8:21  Zealot x3  
  105  8:22  Zealot, Pylon  
  105  8:24  Phoenix  
  105  8:25  Protoss Ground Armor Level 2 (Chrono Boost)  
  115  8:34  Probe  
  115  8:39  Probe  
  113  8:49  Phoenix  
  113  8:57  Zealot x6  
  123  9:08  Nexus  
  121  9:10  High Templar x2  
  121  9:13  Phoenix  
  117  9:18  High Templar  
  117  9:19  Zealot x4  
  117  9:20  Probe x2  
  117  9:21  Assimilator  
  129  9:24  Assimilator  
  129  9:29  Forge  
  129  9:33  Robotics Facility  
  129  9:34  Probe x2  
  129  9:37  Archon  
  131  9:39  High Templar  
  131  9:42  Pylon  
  131  9:43  Probe  
  131  9:44  Pylon  
  132  9:45  Pylon  
  132  9:46  Probe  
  132  9:48  Archon  
  133  10:05  Pylon  
  133  10:07  Zealot, High Templar x2  
  135  10:08  Zealot x3  
  135  10:09  Pylon  
  135  10:11  Archon  
  135  10:13  Phoenix (Chrono Boost), Probe x2  
  147  10:16  Probe  
  147  10:19  Assimilator  
  150  10:23  Assimilator  
  150  10:25  Probe  
  149  10:33  Zealot x4, Robotics Bay  
  155  10:46  Phoenix  
  131  10:53  Zealot x8  
  139  11:02  Probe  
  139  11:03  Probe  
  131  11:09  Zealot  
  120  11:21  Zealot x6  
  120  11:22  Zealot  
Show
View Real Time Build Order
Export as new Build Order

Arctur Terran 

Build Orders: Reaper Expand 

Get SALT Encoding   

  12  0:00  SCV  
  13  0:12  SCV  
  14  0:18  Supply Depot  
  14  0:24  SCV  
  15  0:39  SCV  
  15  0:40  Barracks  
  16  0:44  Refinery  
  16  0:51  SCV  
  17  1:03  SCV  
  18  1:15  SCV  
  19  1:27  Orbital Command, Reaper  
  20  1:48  Command Center  
  20  1:53  SCV  
  21  1:59  Barracks Reactor  
  21  2:06  Barracks  
  21  2:07  SCV  
  22  2:15  Supply Depot  
  22  2:20  SCV  
  23  2:26  Refinery  
  23  2:37  SCV, Marine  
  23  2:38  Factory  
  23  2:39  Marine  
  26  2:49  SCV  
  27  2:57  Barracks Tech Lab  
  27  3:00  Orbital Command  
  27  3:01  Marine  
  27  3:02  Marine  
  27  3:03  SCV  
  30  3:21  Marine x2  
  31  3:31  Starport, Stimpack  
  31  3:32  SCV  
  31  3:33  Factory Reactor, SCV  
  32  3:35  Marine  
  32  3:38  Marine x2  
  35  3:44  SCV  
  35  3:45  SCV  
  35  3:47  Supply Depot  
  37  3:54  Marine  
  38  3:56  SCV, Marine x2  
  38  3:57  SCV  
  42  4:08  SCV  
  42  4:09  SCV  
  44  4:12  Marine  
  44  4:14  Marine x2  
  44  4:15  Medivac x2, Factory Tech Lab  
  51  4:21  SCV, Supply Depot  
  51  4:23  Refinery  
  52  4:31  SCV  
  53  4:33  Engineering Bay, SCV  
  54  4:43  Siege Tank, SCV, Marine  
  54  4:45  SCV, Supply Depot  
  60  4:57  SCV x2  
  60  4:58  Supply Depot  
  62  5:00  Terran Infantry Weapons Level 1  
  62  5:02  Barracks  
  62  5:06  Marine x3  
  65  5:17  SCV x2, Supply Depot  
  65  5:19  Combat Shield, Siege Tank  
  70  5:22  Supply Depot  
  70  5:32  Marine x3  
  70  5:33  Medivac  
  70  5:34  SCV x2  
  77  5:50  Marine  
  77  5:51  Marine x3  
  77  5:52  Marine  
  82  5:58  Factory Reactor  
  82  6:00  Barracks, Refinery  
  82  6:02  Barracks  
  82  6:04  Starport Reactor  
  82  6:08  SCV x2  
  82  6:09  Marine  
  82  6:10  Marine x4  
  82  6:27  Marine x2  
  82  6:28  Marauder, Marine x2  
  88  6:46  Widow Mine x2  
  88  6:47  Medivac  
  94  6:52  Medivac  
  90  6:54  Terran Infantry Armor Level 1  
  79  7:04  Marine x2  
  79  7:05  Marauder, Marine x2  
  79  7:06  Concussive Shells, Barracks Reactor  
  79  7:08  Widow Mine x2  
  82  7:14  Supply Depot  
  82  7:17  Medivac  
  82  7:20  Command Center  
  82  7:22  Medivac, Marine x3  
  88  7:26  Marine  
  88  7:27  Marauder  
  88  7:29  Widow Mine x2  
  91  7:36  Supply Depot x2  
  88  7:40  Marauder, Marine x3  
  93  7:46  Marine  
  93  7:48  Marauder  
  99  7:57  Marine x2  
  105  7:58  Widow Mine x2  
  105  8:01  Marine x2  
  105  8:02  Medivac x2, Marauder  
  105  8:03  Marine  
  105  8:04  Marine  
  103  8:10  Marauder  
  105  8:14  Marine x2  
  105  8:19  Marine x2  
  109  8:21  Marine  
  109  8:22  Marine  
  109  8:23  Marauder  
  109  8:26  Widow Mine  
  115  8:31  Marauder  
  118  8:36  Medivac x2  
  118  8:37  Widow Mine, Marine x4  
  103  8:44  Marauder  
  103  8:48  Widow Mine, Marine x2  
  98  8:52  Marauder  
  98  8:55  Marine x4  
  92  9:05  Ghost Academy  
  92  9:06  Marauder, Marine  
  85  9:17  Marauder, Marine x3  
  85  9:20  Armory  
  85  9:22  Orbital Command  
  90  9:28  Medivac x2  
  94  9:37  Orbital Command  
  94  9:38  Ghost  
  94  9:39  Ghost  
  94  9:40  Enhanced Shockwaves  
  100  9:46  Widow Mine x2  
  102  9:55  Marine x6  
  108  10:03  SCV x2  
  108  10:04  SCV  
  111  10:11  Ghost  
  111  10:13  Ghost  
  115  10:14  Marine x4  
  115  10:15  Marine  
  115  10:17  Marine  
  115  10:19  Supply Depot  
  115  10:21  SCV x2  
  123  10:22  SCV  
  124  10:32  Supply Depot  
  124  10:35  Marine x6  
  127  10:41  Marauder  
  110  10:56  Widow Mine x2  
  97  10:59  Ghost  
  73  11:16  SCV  

Tags
 
Add a new tag
Caveats
  • Supply blocks, unpowered buildings, or Contaminate may cause inaccurate times.
  • Supply counts are checked every 10 seconds.